 Dungeon Crawl Stone Soup version 0.19.0-18-g426998a (webtiles) character file.

26748 Millan the Cleaver (level 13, -4/114 HPs)
             Began as a Minotaur Fighter on Nov 12, 2016.
             Was an Elder of Qazlal.
             Killed by divine providence
             ... invoked by an orc priest
              (17 damage)
             ... on level 2 of the Orcish Mines.
             The game lasted 00:39:35 (11473 turns).

Millan the Cleaver (Minotaur Fighter)              Turns: 11473, Time: 00:39:35

Health: -4/114     AC: 27    Str: 25 (27) XL:     13   Next: 0%
Magic:  4/17       EV:  7    Int:  5      God:    Qazlal [****..]
Gold:   1089       SH: 19    Dex: 11 (12) Spells: 0 memorised, 12 levels left

rFire  . . .     SeeInvis .     F - +5 war axe (vamp)
rCold  + . .     Gourm    +     L - +10 plate armour {ponderous}
rNeg   . . .     Faith    .     c - +0 shield
rPois  +         Spirit   .     (helmet restricted)
rElec  +         Reflect  .     N - +0 cloak
rCorr  .         Harm     .     P - +1 pair of gloves of the Meadowlark {rElec rPois Str-3 Dex+3}
MR     .....     Rnd*Rage +     (no boots)
Stlth  ..........               I - amulet of the gourmand
                                B - +5 ring of slaying
                                O - ring of protection from cold

@: mighty, protected from physical damage, corroded, hasted, repel missiles,
very quick
A: retaliatory headbutt, horns 2, thin skeletal structure 1, berserk 1, clumsy
2, deterioration 1, electricity resistance, MP-powered wands
a: Upheaval, Elemental Force, Renounce Religion


You were on level 2 of the Orcish Mines.
You worshipped Qazlal.
Qazlal was greatly pleased with you.
You were very full.

You visited 2 branches of the dungeon, and saw 14 of its levels.

You collected 1439 gold pieces.
You spent 350 gold pieces at shops.

Inventory:

Hand Weapons
 F - a +5 vampiric war axe (weapon)
 T - a +0 hand axe
 W - a +0 battleaxe of venom
Armour
 c - a +0 shield (worn)
 r - +0 mottled dragon scales
 L - a +10 plate armour of ponderousness (worn)
 N - a +0 cloak (worn)
 P - the +1 pair of gloves of the Meadowlark (worn) {rElec rPois Str-3 Dex+3}
   (You found it on level 10 of the Dungeon)

   It affects your strength (-3).
   It affects your dexterity (+3).
   It insulates you from electricity.
   It protects you from poison.
Jewellery
 e - an uncursed ring of protection from cold
 g - an uncursed ring of see invisible
 l - an uncursed ring of flight {unknown}
 n - an uncursed amulet of faith
 B - a +5 ring of slaying (right hand)
 I - an amulet of the gourmand (around neck)
 K - an uncursed amulet of rage
 O - a ring of protection from cold (left hand)
Wands
 a - a wand of digging (24/24)
 b - a wand of polymorph (10/24)
 m - a wand of flame (27/48)
 t - a wand of random effects (27/48)
 G - a wand of paralysis (16/24)
 M - a wand of hasting (2/9)
 Q - a wand of iceblast (6/15)
 R - a wand of random effects (20/48)
 S - a wand of polymorph (14/24)
 V - a wand of flame (26/48)
Scrolls
 s - 6 scrolls of immolation
 v - 8 scrolls of magic mapping
 w - 2 scrolls of amnesia
 x - 6 scrolls of remove curse
 y - 9 scrolls of identify
 A - a scroll of torment
 C - 3 scrolls of teleportation
 E - a scroll of vulnerability {unknown}
 J - a scroll of recharging
Potions
 h - 9 potions of curing
 i - 5 potions of flight
 o - a potion of brilliance
 p - 2 potions of ambrosia
 z - a potion of haste
 D - a potion of magic
Comestibles
 f - 11 bread rations
 j - 9 slices of pizza
 k - 6 fruits
 u - 4 meat rations
 H - a beef jerky


   Skills:
 + Level 10.7 Fighting
 * Level 14.4 Axes
 + Level 10.7 Armour
 * Level 14.1 Shields
 + Level 7.4 Invocations


You had 12 spell levels left.
You didn't know any spells.

Dungeon Overview and Level Annotations

Branches:
Dungeon (12/15)            Temple (0/1) D:6            Lair (0/6) D:8
    Orc (2/2) D:12            Elf (0/3) Orc:2

Altars:
Ashenzari
Cheibriados
Dithmenos
Kikubaaqudgha
Nemelex Xobeh
Okawaru
Qazlal
Ru
Trog
Yredelemnul
Zin

Shops:
D:4 [


Innate Abilities, Weirdness & Mutations

You reflexively headbutt those who attack you in melee.
You have a pair of horns on your head.
You have a somewhat thin skeletal structure. (Dex +2, Stealth)
You tend to lose your temper in combat.
You are very clumsy. (Dex -4)
Your body sometimes deteriorates upon taking damage.
You are resistant to electric shocks. (rElec)
You expend magic power (3 MP) to strengthen your wands.


Message History

* * * LOW HITPOINT WARNING * * *
You block the rust devil's attack.
An orc, an orc wizard and a cyclops come into view.
You feel yourself speed up.
You hear a shout!
You block the smoke demon's attack. x3
The orc high priest is engulfed in freezing vapours.
The orc high priest hits you from afar with a glaive!
* * * LOW HITPOINT WARNING * * *
The orc barely misses you. You furiously retaliate!
You headbutt the orc!
You kill the orc!
Qazlal accepts your kill. The orc closely misses you.
The orc warrior hits you from afar with a glaive!
* * * LOW HITPOINT WARNING * * *
Your body deteriorates!
You feel clumsy. You block the orc's attack.
The orc priest mumbles some strange prayers to Beogh against you.
Beogh smites you!
You die...

..............C
................
..........(......
.............o....
..<......C.........
.....§..§oo.$.......
.....o§o3oo.........
....[oE@4o..#.o...#
....[.ooooo.......#
.....§§..[>......#
.o..$..C.........##.
....................
....................
.........#.......$..
........#....#......
....####...........


You could see an ettin, an orc high priest, 2 cyclopes, a rust devil, a smoke
demon, 3 orc warriors, an orc priest, 3 orc wizards, 7 orcs and a friendly earth
elemental.

Vanquished Creatures
  Nessos (D:12)
  Snorg (D:11)
  An ettin (Orc:1)
  Erolcha (D:12)
  The ghost of Beardradial the Basher, a novice MiBe of Trog (D:10)
  Urug (D:11)
  Nergalle (D:12)
  2 hill giants
  A deep elf mage (D:12)
  2 ugly things (D:12)
  An orc sorcerer (Orc:1)
  2 cyclopes
  A manticore (D:12)
  Maurice (D:9)
  2 centaur zombies
  A kobold demonologist (D:10)
  6 trolls
  A meliai (D:11)
  2 hornets (D:12)
  A two-headed ogre (D:10)
  2 hippogriffs
  19 yaks
  A wyvern (D:10)
  3 wraiths
  A spriggan (D:8)
  2 hungry ghosts
  2 mottled dragons (D:12)
  A soldier ant (D:12)
  2 wargs
  Duvessa (D:7)
  A water moccasin (D:6)
  An eye of draining (D:9)
  16 orc warriors
  3 sky beasts
  A black bear (D:10)
  3 ice beasts
  2 phantoms
  8 ogres
  3 wolves (D:8)
  6 centaurs
  26 big kobolds
  7 bullfrogs
  5 gnoll sergeants (D:12)
  An elf skeleton (D:7)
  Dowan (D:7)
  2 wyvern skeletons
  5 scorpions
  9 killer bees
  9 wights
  A troll skeleton (D:7)
  A howler monkey (D:8)
  3 electric eels (D:8)
  4 crimson imps
  2 quasits
  2 bullfrog zombies
  2 human zombies (D:7)
  4 bullfrog skeletons
  3 jellies
  Crazy Yiuf (D:5)
  21 orc priests
  A centaur skeleton (D:12)
  7 hounds
  15 orc wizards
  Ijyb (D:3)
  3 iguanas
  2 human skeletons (D:7)
  5 worker ants
  A killer bee zombie (D:9)
  An ogre zombie (D:7)
  2 hound skeletons
  A mummy (D:7)
  4 worker ant zombies
  4 gnolls
  15 adders
  3 shadow imps
  An adder zombie (D:9)
  3 worms
  A dart slug (D:1)
  6 leopard geckos
  50 orcs
  8 giant cockroaches
  6 goblins
  4 hobgoblins
  7 jackals
  2 quokkas
  2 ball pythons
  A ball python skeleton (D:4)
  9 bats
  4 frilled lizards
  A giant cockroach zombie (D:6)
  13 kobolds
  An orc skeleton (D:7)
  5 rats
406 creatures vanquished.

Vanquished Creatures (collateral kills)
  An orc (Orc:2)
1 creature vanquished.

Vanquished Creatures (others)
  A hound skeleton (D:6)
  A fungus (Orc:2)
2 creatures vanquished.

Grand Total: 409 creatures vanquished

Notes
Turn   | Place    | Note
-------+----------+-------------------------------------------
     0 | D:1      | Millan the Minotaur Fighter began the quest for the Orb.
     0 | D:1      | Reached XP level 1. HP: 19/19 MP: 0/0
   244 | D:1      | Reached XP level 2. HP: 23/27 MP: 1/1
   651 | D:2      | Found a snail-covered altar of Cheibriados.
   802 | D:2      | Found a glowing silver altar of Zin.
   899 | D:2      | Found a stormy altar of Qazlal.
   912 | D:2      | Became a worshipper of Qazlal Stormbringer
   936 | D:2      | Reached XP level 3. HP: 33/33 MP: 2/2
  1222 | D:2      | Found a faded altar of an unknown god.
  1222 | D:2      | Found a faded altar of an unknown god.
  1232 | D:2      | Found a faded altar of an unknown god.
  1234 | D:2      | Found a faded altar of an unknown god.
  1235 | D:2      | Found a shattered altar of Ashenzari.
  1287 | D:3      | Noticed Ijyb
  1303 | D:3      | Killed Ijyb
  1303 | D:3      | Reached XP level 4. HP: 36/40 MP: 3/3
  1499 | D:3      | Reached * piety under Qazlal
  1740 | D:3      | Reached XP level 5. HP: 38/46 MP: 4/4
  1808 | D:3      | Reached skill level 5 in Shields
  2025 | D:4      | Found Janwaoc's Armour Shop.
  2053 | D:4      | Noticed an ogre
  2058 | D:4      | Killed an ogre
  2058 | D:4      | Reached XP level 6. HP: 31/53 MP: 5/5
  2059 | D:4      | Reached skill level 5 in Axes
  2602 | D:4      | Reached skill level 5 in Armour
  2674 | D:4      | Reached ** piety under Qazlal
  2895 | D:5      | Entered Level 5 of the Dungeon
  3078 | D:5      | Reached XP level 7. HP: 60/60 MP: 6/6
  3491 | D:5      | Found a sacrificial altar of Ru.
  3536 | D:5      | Found a runed door.
  3742 | D:5      | Reached skill level 5 in Fighting
  3769 | D:5      | Noticed Crazy Yiuf
  3774 | D:5      | Killed Crazy Yiuf
  3870 | D:6      | Found an iron altar of Okawaru.
  3928 | D:6      | Reached XP level 8. HP: 51/69 MP: 7/7
  4077 | D:6      | Reached *** piety under Qazlal
  4184 | D:6      | Found a bloodstained altar of Trog.
  4291 | D:6      | Found a basalt altar of Yredelemnul.
  4343 | D:6      | Found a staircase to the Ecumenical Temple.
  4440 | D:6      | Reached skill level 1 in Invocations
  4691 | D:7      | Reached XP level 9. HP: 53/78 MP: 9/9
  5008 | D:7      | Gained mutation: You are resistant to electric shocks. (rElec) [mutagenic meat]
  5009 | D:7      | Gained mutation: Your body sometimes deteriorates upon taking damage. [mutagenic meat]
  5010 | D:7      | Gained mutation: You tend to lose your temper in combat. [mutagenic meat]
  5011 | D:7      | Gained mutation: You are clumsy. (Dex -2) [mutagenic meat]
  5012 | D:7      | Gained mutation: You have a somewhat thin skeletal structure. (Dex +2, Stealth) [mutagenic meat]
  5219 | D:4      | Bought a +7 plate armour of ponderousness for 350 gold pieces
  5608 | D:7      | Noticed a cyclops
  5616 | D:7      | Killed a cyclops
  5616 | D:7      | Reached skill level 10 in Shields
  5649 | D:7      | Noticed Duvessa
  5654 | D:7      | Noticed Dowan
  5654 | D:7      | Killed Duvessa
  5659 | D:7      | Killed Dowan
  5767 | D:7      | Found an ancient bone altar of Kikubaaqudgha.
  5782 | D:7      | Reached **** piety under Qazlal
  5801 | D:7      | Reached skill level 10 in Axes
  5808 | D:7      | Reached XP level 10. HP: 86/86 MP: 11/11
  5918 | D:7      | Found a sacrificial altar of Ru.
  6255 | D:8      | Found a sparkling altar of Nemelex Xobeh.
  6327 | D:8      | Found a staircase to the Lair.
  7109 | D:9      | Noticed Maurice
  7145 | D:9      | Killed Maurice
  7148 | D:9      | Reached ***** piety under Qazlal
  7326 | D:9      | Found a shadowy altar of Dithmenos.
  7724 | D:10     | Entered Level 10 of the Dungeon
  8142 | D:10     | Reached XP level 11. HP: 95/95 MP: 13/13
  8197 | D:10     | Reached skill level 5 in Invocations
  8317 | D:10     | Noticed Beardradial's ghost (novice MiBe)
  8321 | D:10     | Gained mutation: Scrolls take you a little longer to read. [mutagenic meat]
  8322 | D:10     | Gained mutation: You are very clumsy. (Dex -4) [mutagenic meat]
  8348 | D:10     | Killed Beardradial's ghost
  8454 | D:10     | Got a pair of brightly glowing gloves
  8460 | D:10     | Identified the +1 pair of gloves of the Meadowlark {rElec rPois Str-3 Dex+3} (You found it on level 10 of the Dungeon)
  8832 | D:11     | Noticed Snorg
  8841 | D:11     | Noticed a hill giant
  8844 | D:11     | Noticed Urug
  8850 | D:11     | Killed Snorg
  8853 | D:11     | Killed a hill giant
  8865 | D:11     | Killed Urug
  9219 | D:11     | Reached XP level 12. HP: 102/106 MP: 15/15
  9566 | D:12     | Noticed Nessos
  9572 | D:12     | Noticed Nergalle
  9593 | D:12     | Reached skill level 10 in Fighting
  9594 | D:12     | Killed Nessos
  9594 | D:12     | Reached skill level 10 in Armour
  9596 | D:12     | Killed Nergalle
  9622 | D:12     | Noticed Erolcha
  9625 | D:12     | Paralysed by Erolcha for 2 turns
  9629 | D:12     | Killed Erolcha
 10298 | D:12     | Lost mutation: Scrolls take you a little longer to read. [potion of mutation]
 10298 | D:12     | Gained mutation: You expend magic power (3 MP) to strengthen your wands. [potion of mutation]
 10811 | D:12     | Found a staircase to the Orcish Mines.
 10920 | Orc:1    | Entered Level 1 of the Orcish Mines
 10953 | Orc:1    | Noticed an ettin
 10969 | Orc:1    | Killed an ettin
 11448 | Orc:2    | Entered Level 2 of the Orcish Mines
 11448 | Orc:2    | Found a staircase to the Elven Halls.
 11459 | Orc:2    | Noticed an orc high priest
 11468 | Orc:2    | Reached XP level 13. HP: 48/114 MP: 3/17
 11469 | Orc:2    | Noticed an ettin
 11473 | Orc:2    | Killed from afar by an orc priest

Skill      XL: |  1  2  3  4  5  6  7  8  9 10 11 12 |
---------------+-------------------------------------+-----
Armour         | 4 5 6 7 8 9 10 | 10.7
Fighting       | 4 5 6 7 8 9 10 | 10.7
Axes           | 3 4 5 7 8 10 11 13 14 | 14.4
Shields        | 4 5 6 7 8 10 11 12 14 | 14.1
Invocations    | 2 3 4 6 7 |  7.4

Action                   |  1- 3 |  4- 6 |  7- 9 | 10-12 | 13-15 || total
-------------------------+-------+-------+-------+-------+-------++-------
Melee: War axe           |   100 |   168 |   185 |   341 |     1 ||   795
       Headbutt          |    15 |    32 |    51 |   156 |       ||   254
       Unarmed           |       |       |       |    84 |       ||    84
       Hand axe          |       |       |       |   171 |       ||   171
       Battleaxe         |       |       |       |    22 |       ||    22
Invok: Upheaval          |       |       |     1 |     1 |       ||     2
       Disaster Area     |       |       |       |     2 |       ||     2
       Elemental Force   |       |       |       |     1 |       ||     1
  Use: Scroll            |       |       |    10 |     9 |       ||    19
       Potion            |       |       |     8 |     7 |     4 ||    19
  Eat: Chunk             |     1 |     5 |    11 |    33 |       ||    50
       Pizza             |       |     1 |       |     1 |       ||     2
       Fruit             |       |       |     2 |       |       ||     2
       Beef jerky        |       |       |     1 |       |       ||     1
       Bread ration      |       |       |       |     2 |       ||     2
Armor: Scale mail        |    56 |    70 |    34 |       |       ||   160
       Plate armour      |       |       |    16 |   298 |     6 ||   320
Dodge: Dodged            |    32 |    37 |    35 |    94 |     6 ||   204
       Deflected         |       |       |       |     5 |     1 ||     6
Block: Shield            |    64 |   126 |   108 |   521 |    12 ||   831
       Other             |       |       |       |     4 |       ||     4
